[Event "Titled Tuesday Blitz April 18 Early 2023"]
[White "Pranesh M"]
[Black "Atakishiyev, Elmar"]
[WhiteFideId "35028600"]
[BlackFideId "13410547"]
[WhiteElo "2437"]
[BlackElo "2239"]
[Result "1-0"]
[Round "04"]
[TimeControl "180+2"]
[Date "2023.04.18"]
[WhiteClock "0:00:23"]
[BlackClock "0:00:02"]

1. e4 c5 2. Nf3 e6 3. d4 cxd4 4. Nxd4 a6 5. Nc3 Qc7 6. Bd3 b6 7. O-O Bb7 8. Kh1 d6 9. f4 Nd7 10. f5 e5 11. Nb3 Ngf6 12. a4 Nc5 13. Nxc5 dxc5 14. Bg5 Rd8 15. Bxf6 gxf6 16. Qe2 Qc8 17. Bc4 Rd4 18. Nd5 Bxd5 19. Bxd5 h5 20. c3 Rxd5 21. exd5 Bd6 22. c4 h4 23. a5 Qc7 24. axb6 Qxb6 25. Rf3 Ke7 26. Rfa3 Rb8 27. R1a2 Ra8 28. h3 a5 29. Qc2 Bc7 30. Rb3 Qd6 31. Qe4 Kd7 32. Rb5 Rg8 33. Kg1 Rg3 34. Ra3 Rg5 35. Kf1 Kc8 36. Ke1 Kd8 37. Kd1 Ke7 38. Kc1 Kf8 39. Kb1 Qd7 40. Rf3 Bd6 41. Ka2 a4 42. Qxh4 Kg7 43. Qe4 Rxg2 44. Qd3 Kf8 45. Qe4 Rg1 46. Qe3 Rg2 47. Rb6 Qc7 48. Rb5 Qd7 49. Rf1 Ke7 50. Qe4 Rd2 51. Re1 Rd4 52. Qc2 a3 53. Qb3 Qc8 54. Rb7+ Kf8 55. Qb6 Be7 56. Rb8 1-0


[Site "https://www.chess.com"]

[Event "Titled Tuesday Blitz April 18 Early 2023"]
[White "Aradhya, Garg"]
[Black "Drozdowski, Kacper"]
[WhiteFideId "25006746"]
[BlackFideId "1136720"]
[WhiteElo "2263"]
[BlackElo "2497"]
[Result "1/2-1/2"]
[Round "04"]
[TimeControl "180+2"]
[Date "2023.04.18"]
[WhiteClock "0:00:08"]
[BlackClock "0:00:17"]

1. d4 Nf6 2. c4 g6 3. Nf3 Bg7 4. g3 O-O 5. Bg2 d5 6. cxd5 Nxd5 7. O-O Nb6 8. Nc3 Na6 9. e4 c5 10. d5 Bg4 11. Bg5 h6 12. Be3 Nc4 13. Qe2 Nxe3 14. Qxe3 Nb4 15. Rac1 c4 16. Nd2 Nd3 17. Rb1 Rc8 18. Nxc4 Nxb2 19. Rxb2 Rxc4 20. Rb3 Qa5 21. e5 Rfc8 22. Rc1 b5 23. Bf1 R4c5 24. Rxb5 Rxb5 25. Nxb5 Rxc1 26. Qxc1 Bxe5 27. Qxh6 Qe1 28. Qe3 Qa1 29. Kg2 Bh3+ 30. Kxh3 Qxf1+ 31. Kg4 f5+ 32. Kg5 Qh3 33. Kxg6 Qh7+ 34. Kg5 Bf6+ 35. Kf4 Qxh2 36. Kxf5 Kg7 37. Ke4 Qh1+ 38. Qf3 Qb1+ 39. Qd3 Qxa2 40. Kf3 a5 41. Nc7 Qa4 42. Ne6+ Kh6 43. Qe3+ Kg6 44. Qd3+ Kh6 45. Qe3+ Kg6 46. Qd3+ Kh6 1/2-1/2


[Site "https://www.chess.com"]

[Event "Titled Tuesday Blitz April 18 Early 2023"]
[White "Srihari L R"]
[Black "Alekseenko, Kirill"]
[WhiteFideId "46617116"]
[BlackFideId "4135539"]
[WhiteElo "2334"]
[BlackElo "2683"]
[Result "0-1"]
[Round "04"]
[TimeControl "180+2"]
[Date "2023.04.18"]
[WhiteClock "0:00:09"]
[BlackClock "0:00:05"]

1. d4 d6 2. Nf3 Nf6 3. g3 g6 4. Bg2 Bg7 5. O-O O-O 6. c4 Bf5 7. Nc3 Ne4 8. Nd5 c6 9. Ne3 Bc8 10. Nh4 Nf6 11. Nc2 e5 12. e4 Nbd7 13. Re1 Re8 14. Nf3 a5 15. b3 exd4 16. Nfxd4 Nc5 17. f3 Nfd7 18. Bb2 Ne5 19. Bf1 Qb6 20. Rb1 Bd7 21. Kg2 Rad8 22. Qd2 Qc7 23. Bc3 b6 24. a3 Qc8 25. Ne3 Bh3+ 26. Kf2 Nxf3 27. Kxf3 Nxe4 28. Qc2 Nxc3 29. Qxc3 c5 30. Bxh3 Qxh3 31. Nec2 cxd4 32. Nxd4 Qxh2 33. Qd3 Qh5+ 34. Kg2 Qc5 35. Nc2 Qc6+ 36. Kh2 Be5 37. Ne3 h5 38. Nd5 Kg7 39. Kg2 Re6 40. Rf1 Rde8 41. Rf3 f5 42. Re1 a4 43. b4 Rc8 44. Rc1 b5 45. Ne3 Bf6 46. c5 Qe4 47. Qxe4 Rxe4 48. Nd5 dxc5 49. bxc5 Rc4 50. Rxc4 bxc4 51. Nb6 Rxc5 52. Nxa4 Ra5 53. Nb6 c3 54. Nd7 c2 55. Nxf6 c1=Q 0-1


[Site "https://www.chess.com"]

[Event "Titled Tuesday Blitz April 18 Early 2023"]
[White "Bodi, Tibor"]
[Black "Durarbayli, Vasif"]
[WhiteFideId "701084"]
[BlackFideId "13402935"]
[WhiteElo "2187"]
[BlackElo "2551"]
[Result "0-1"]
[Round "04"]
[TimeControl "180+2"]
[Date "2023.04.18"]
[WhiteClock "0:02:19"]
[BlackClock "0:01:06"]

1. Nf3 c5 2. g3 Nc6 3. Bg2 g6 4. O-O Bg7 5. c4 e6 6. Nc3 Nge7 7. e3 O-O 8. d4 d6 9. b3 Nf5 10. dxc5 Bxc3 11. Ba3 Qa5 12. cxd6 Bxa1 13. d7 Bxd7 14. Qxd7 Qxa3 15. Qxb7 Na5 16. Qxa8 Rxa8 17. Rxa1 Nxb3 18. Rd1 Qxa2 19. Ne5 Qc2 20. Rd7 Qc1+ 21. Bf1 Nd2 22. Nxf7 Qxf1# 0-1


[Site "https://www.chess.com"]

[Event "Titled Tuesday Blitz April 18 Early 2023"]
[White "Daneshvar, Bardiya"]
[Black "wqws"]
[WhiteFideId "12576468"]
[WhiteElo "2468"]
[BlackElo "2597"]
[Result "1-0"]
[Round "04"]
[TimeControl "180+2"]
[Date "2023.04.18"]
[WhiteClock "0:00:48"]
[BlackClock "0:00:03"]

1. Nf3 d5 2. g3 Nf6 3. Bg2 Bg4 4. O-O Nbd7 5. h3 Bh5 6. c4 c6 7. cxd5 cxd5 8. Qb3 Qb6 9. Nc3 e6 10. Qxb6 Nxb6 11. d3 a6 12. Be3 Nbd7 13. Rac1 Bd6 14. g4 Bg6 15. Nh4 O-O 16. f4 h6 17. Nxg6 fxg6 18. f5 gxf5 19. gxf5 exf5 20. Rxf5 Rae8 21. Bd4 g6 22. Rff1 Be5 23. Bxe5 Rxe5 24. d4 Rg5 25. Kh2 Re8 26. Bf3 Kg7 27. Na4 b5 28. Nc5 Nxc5 29. Rxc5 Re7 30. Rc6 Ne4 31. Rxa6 Nd2 32. Rf2 Nxf3+ 33. exf3 h5 34. h4 Rf5 35. Kg3 Re1 36. Ra7+ Kh6 37. Rc2 Rg1+ 38. Kh2 Rd1 39. Rcc7 Rd2+ 40. Kg3 g5 41. Rc6+ Rf6 42. Rxf6# 1-0


[Site "https://www.chess.com"]

[Event "Titled Tuesday Blitz April 18 Early 2023"]
[White "Milikow, Yoav"]
[Black "Naroditsky, Daniel"]
[WhiteFideId "2822237"]
[BlackFideId "2026961"]
[WhiteElo "2410"]
[BlackElo "2633"]
[Result "0-1"]
[Round "04"]
[TimeControl "180+2"]
[Date "2023.04.18"]
[WhiteClock "0:00:03"]
[BlackClock "0:00:07"]

1. d4 Nf6 2. c4 d6 3. Nf3 Bg4 4. Nc3 Nbd7 5. e3 e5 6. Be2 Be7 7. O-O O-O 8. b4 c6 9. a4 Re8 10. a5 a6 11. c5 e4 12. Nh4 Bxe2 13. Qxe2 d5 14. Nf5 Nf8 15. f3 exf3 16. gxf3 Ng6 17. Na4 Bf8 18. Nb6 Rb8 19. Qg2 Re6 20. Bd2 Nh5 21. Qg4 Ngf4 22. Nh4 f5 23. Qxf5 Qxh4 24. Be1 Qh3 25. Qxh3 Nxh3+ 26. Kg2 Ng5 27. Ra3 Rbe8 28. Bf2 Rg6 29. Bg1 Ne4+ 30. Kh1 Ng5 31. Kg2 Be7 32. Nd7 Nf7+ 33. Kh1 Rd8 34. Nb6 Rh6 35. Bf2 Ng5 36. Be1 Re8 37. Kg2 Rg6 38. Kh1 Re6 39. Bf2 Nxf3 0-1


[Site "https://www.chess.com"]

[Event "Titled Tuesday Blitz April 18 Early 2023"]
[White "Sadhwani, Raunak"]
[Black "Kushko, Dmitriy"]
[WhiteFideId "35093487"]
[BlackFideId "14162261"]
[WhiteElo "2631"]
[BlackElo "2230"]
[Result "0-1"]
[Round "04"]
[TimeControl "180+2"]
[Date "2023.04.18"]
[WhiteClock "0:00:04"]
[BlackClock "0:00:10"]

1. Nf3 g6 2. e4 Bg7 3. d4 d6 4. Nc3 a6 5. Be3 b5 6. Qd2 Bb7 7. Bd3 Nd7 8. a4 b4 9. Ne2 c5 10. c3 Ngf6 11. Ng3 O-O 12. h3 bxc3 13. bxc3 Qc7 14. O-O e6 15. a5 d5 16. e5 Ne4 17. Bxe4 dxe4 18. Ng5 Rfd8 19. Qe2 Bd5 20. Qg4 f5 21. exf6 Nxf6 22. Qh4 Qc6 23. f3 exf3 24. Nxf3 Bxf3 25. Rxf3 Nd5 26. Bf2 Rf8 27. Ne4 Rxf3 28. gxf3 Rf8 29. Re1 cxd4 30. Ng5 h6 31. Nxe6 dxc3 32. Nxg7 Kxg7 33. Bd4+ Nf6 34. Rc1 c2 35. Qf2 Rc8 36. Qe3 Kf7 37. Qxh6 Qxf3 38. Qg5 Ne4 39. Qe3 Qxe3+ 40. Bxe3 Ke6 41. Kf1 Kd5 42. Ke2 Rc3 0-1


[Site "https://www.chess.com"]

[Event "Titled Tuesday Blitz April 18 Early 2023"]
[White "Sargsyan, Shant"]
[Black "Cherniaiev, Tykhon"]
[WhiteFideId "13306766"]
[BlackFideId "14182360"]
[WhiteElo "2628"]
[BlackElo "2450"]
[Result "1-0"]
[Round "04"]
[TimeControl "180+2"]
[Date "2023.04.18"]
[WhiteClock "0:00:47"]
[BlackClock "0:00:01"]

1. g3 Nf6 2. Nf3 d5 3. Bg2 e6 4. c4 Be7 5. O-O d4 6. d3 c5 7. a3 a5 8. e3 Nc6 9. exd4 cxd4 10. Re1 O-O 11. Nbd2 h6 12. Rb1 Bd7 13. Ne4 Nxe4 14. Rxe4 Bc5 15. Bd2 Qe7 16. h4 Rfd8 17. Qe1 a4 18. Re2 Be8 19. Nh2 Bd6 20. h5 Qc7 21. Bf3 Ne5 22. Be4 f5 23. c5 Bxc5 24. Bf4 fxe4 25. Rxe4 Bd6 26. Bxe5 Bxh5 27. Rc1 Qd7 28. Bxd6 Qxd6 29. Rxe6 Qf8 30. Qe5 Bf7 31. Re7 Re8 32. Rcc7 Rxe7 33. Rxe7 Re8 34. Rxe8 Bxe8 35. Qd5+ Kh8 36. Qxd4 Bc6 37. Qe3 Qf6 38. d4 Qf5 39. Nf1 Qd5 40. f3 Qb5 41. Qf2 Qd3 42. Kg2 Qf5 43. Ne3 Qb5 44. Qd2 Qg5 45. Qd3 Bd7 46. d5 Qf6 47. Qd2 Qd6 48. Nc4 Qc5 49. Ne5 Bb5 50. Ng6+ Kh7 51. Nf4 g5 52. Ne6 Qc4 53. Nd4 Qf1+ 54. Kh2 Bc4 55. Qc2+ Bd3 56. Qg2 Qd1 57. d6 Bg6 58. Qf2 Qd3 59. d7 g4 60. d8=Q gxf3 61. Qe7+ Kh8 62. Ne6 Qf5 63. Qg7# 1-0


[Site "https://www.chess.com"]

[Event "Titled Tuesday Blitz April 18 Early 2023"]
[White "Shimanov, Aleksandr"]
[Black "Samunenkov, Ihor"]
[WhiteFideId "4198603"]
[BlackFideId "14187086"]
[WhiteElo "2631"]
[BlackElo "2457"]
[Result "0-1"]
[Round "04"]
[TimeControl "180+2"]
[Date "2023.04.18"]
[WhiteClock "0:00:47"]
[BlackClock "0:00:11"]

1. d4 d5 2. c4 e6 3. Nc3 a6 4. cxd5 exd5 5. Nf3 c6 6. h3 Nf6 7. Bg5 Be6 8. e3 Nbd7 9. Bd3 Bd6 10. O-O O-O 11. Bf4 Qc7 12. Qd2 Rfe8 13. Rfe1 Nb6 14. b3 g6 15. Rac1 Qd8 16. Bxd6 Qxd6 17. Ne5 Nfd7 18. f4 c5 19. Ne2 f6 20. Nf3 Rac8 21. dxc5 Nxc5 22. Ned4 Bf7 23. Bb1 Ne4 24. Qb2 Nd7 25. Red1 Qe7 26. Rxc8 Rxc8 27. Rc1 Nd6 28. Rxc8+ Nxc8 29. Kf2 Nd6 30. Qc3 Nc5 31. Nd2 Qc7 32. Kg1 a5 33. N4f3 Kg7 34. g4 b6 35. g5 Qe7 36. Nh2 Nb5 37. gxf6+ Qxf6 38. Qxf6+ Kxf6 39. Ng4+ Ke7 40. a4 Nc3 41. Bc2 d4 42. exd4 Ne2+ 43. Kf2 Nxd4 44. Bd1 Ndxb3 45. Nb1 Nxa4 46. Ne5 Be6 47. Nc3 Nxc3 48. Bc2 Nd4 49. Bd3 a4 50. Ke3 a3 51. Kxd4 a2 52. Kxc3 a1=Q+ 53. Kd2 Qb2+ 54. Ke3 0-1


[Site "https://www.chess.com"]

[Event "Titled Tuesday Blitz April 18 Early 2023"]
[White "Narayanan.S.L"]
[Black "Kosteniuk, Alexandra"]
[WhiteFideId "5058422"]
[BlackFideId "4128125"]
[WhiteElo "2547"]
[BlackElo "2453"]
[Result "1-0"]
[Round "04"]
[TimeControl "180+2"]
[Date "2023.04.18"]
[WhiteClock "0:00:25"]
[BlackClock "0:00:01"]

1. d4 f5 2. Nc3 Nf6 3. Bg5 d5 4. Bxf6 exf6 5. e3 c6 6. Nf3 Bb4 7. Bd3 Be6 8. O-O Nd7 9. Ne2 g6 10. c3 Bd6 11. Qc2 Qc7 12. c4 dxc4 13. Bxc4 Bxc4 14. Qxc4 Nb6 15. Qb3 Qf7 16. Qc2 O-O 17. Rfc1 Nd5 18. Nc3 Rfe8 19. Nxd5 Qxd5 20. Nd2 f4 21. e4 Qxd4 22. Rd1 Bf8 23. Qb3+ Kh8 24. Qxb7 Bc5 25. Qxc6 Qxf2+ 26. Kh1 Be7 27. Nf3 Qxb2 28. h3 Rac8 29. Qa4 Qa3 30. Qd7 Rcd8 31. Qc6 Rc8 32. Qb5 Red8 33. e5 Qc5 34. Qe2 Rxd1+ 35. Rxd1 Rd8 36. Re1 Kg7 37. Qa6 Qb6 38. Qc4 f5 39. Qxf4 Qb4 40. Qc1 Rd3 41. e6 Rc3 42. Qd1 Qf4 43. Qd7 Rc7 44. Qd1 Qg3 45. Qd4+ Bf6 46. Qe3 Rc2 47. Rg1 Qd6 48. Qxa7+ Be7 49. Re1 Kf6 50. Qe3 h6 51. Qxh6 Rxa2 52. Qh8# 1-0


[Site "https://www.chess.com"]

[Event "Titled Tuesday Blitz April 18 Early 2023"]
[White "Steinberg, Nitzan"]
[Black "Iliaguev, Nisim"]
[WhiteFideId "2801795"]
[BlackFideId "2817276"]
[WhiteElo "2486"]
[BlackElo "2241"]
[Result "1-0"]
[Round "04"]
[TimeControl "180+2"]
[Date "2023.04.18"]
[WhiteClock "0:01:39"]
[BlackClock "0:00:29"]

1. d4 Nf6 2. Nf3 e6 3. Bf4 c5 4. e3 Nc6 5. Nbd2 d5 6. c3 Bd6 7. Bg3 O-O 8. Bb5 Ne7 9. Bd3 Nf5 10. Bxf5 exf5 11. Bxd6 Qxd6 12. dxc5 Qxc5 13. Nb3 Qb6 14. Qd4 Be6 15. Qxb6 axb6 16. Nfd4 Ne4 17. a3 Rfc8 18. g3 Nc5 19. Ke2 g6 20. h4 Bd7 21. Nc1 Ne6 22. Nd3 Nxd4+ 23. exd4 Bb5 24. Kd2 Bxd3 25. Kxd3 Re8 26. Rhe1 Kg7 27. Re5 Re6 28. Rae1 Rae8 29. R1e3 Kh6 30. Rxd5 Rxe3+ 31. fxe3 Kh5 32. Ke2 Kg4 33. Kf2 f6 34. Rd7 h5 35. Rxb7 Re6 36. d5 Rd6 37. c4 g5 38. Rc7 b5 39. Rc6 Rd7 40. b3 bxc4 41. bxc4 Rb7 42. d6 Rb2+ 43. Ke1 Kxg3 44. d7 1-0


[Site "https://www.chess.com"]

[Event "Titled Tuesday Blitz April 18 Early 2023"]
[White "Matinian, Nikita"]
[Black "Demchenko, Anton"]
[WhiteFideId "24129100"]
[BlackFideId "4160258"]
[WhiteElo "2422"]
[BlackElo "2545"]
[Result "0-1"]
[Round "04"]
[TimeControl "180+2"]
[Date "2023.04.18"]
[WhiteClock "0:00:01"]
[BlackClock "0:00:04"]

1. e4 e5 2. Nf3 Nc6 3. Bb5 a6 4. Ba4 Nge7 5. c3 Ng6 6. d4 exd4 7. cxd4 Bb4+ 8. Bd2 O-O 9. O-O Bxd2 10. Nbxd2 d5 11. h3 dxe4 12. Nxe4 Nb4 13. Rc1 c6 14. Bb3 h6 15. Re1 Nd5 16. Ne5 Ngf4 17. Qf3 Ne6 18. Qg3 Nxd4 19. Bxd5 cxd5 20. Nc5 Ne6 21. Ncd3 Qg5 22. Qxg5 hxg5 23. Nb4 Rd8 24. Red1 d4 25. Rc4 f6 26. Nf3 Bd7 27. Rc2 Bb5 28. Rcd2 Rd7 29. Nxd4 Rad8 30. Nb3 Rxd2 31. Rxd2 Rxd2 32. Nxd2 Nc5 33. Nc2 Na4 34. b3 Nc3 35. a4 Bc6 36. Nc4 Kf7 37. Nb4 Bd7 38. Na5 Bc8 39. f3 Ke7 40. Kf2 Kd6 41. Ke3 Nd5+ 42. Nxd5 Kxd5 43. b4 b6 44. Nb3 Kc4 0-1


[Site "https://www.chess.com"]

[Event "Titled Tuesday Blitz April 18 Early 2023"]
[White "Aaditya Dhingra"]
[Black "Kamsky, Gata"]
[WhiteFideId "25678191"]
[BlackFideId "2000024"]
[WhiteElo "2083"]
[BlackElo "2660"]
[Result "1/2-1/2"]
[Round "04"]
[TimeControl "180+2"]
[Date "2023.04.18"]
[WhiteClock "0:01:48"]
[BlackClock "0:00:56"]

1. c4 Nf6 2. Nc3 g6 3. g3 Bg7 4. Bg2 O-O 5. Nf3 c6 6. O-O d5 7. cxd5 cxd5 8. d4 e6 9. Bf4 Nc6 10. Rc1 Bd7 11. Ne5 Qe7 12. Nxc6 Bxc6 13. Qd3 Rfd8 14. Rfd1 Rac8 15. Qd2 Ne4 16. Nxe4 dxe4 17. Qe3 f5 18. Bg5 Bf6 19. Bxf6 Qxf6 20. Qc3 Qf8 21. Qb3 Bd5 22. Qa4 Rxc1 23. Rxc1 Rc8 24. Qd1 Rc6 25. Rxc6 Bxc6 26. Qd2 Qd6 27. e3 Bd5 28. a3 Qc7 29. Bf1 Kf7 30. h4 h6 31. Qb4 b6 32. Qc3 Qxc3 33. bxc3 g5 34. hxg5 hxg5 35. Be2 Ke7 36. Kf1 Kd6 37. Ke1 Bb3 38. c4 Ba4 39. Kd2 a5 40. Kc3 Be8 41. Bd1 Bd7 42. Be2 Be8 43. Bd1 Bd7 44. Be2 Be8 1/2-1/2


[Site "https://www.chess.com"]

[Event "Titled Tuesday Blitz April 18 Early 2023"]
[White "Hua, Lefong"]
[Black "Grigorov, Grigor"]
[WhiteFideId "2602253"]
[BlackFideId "2907313"]
[WhiteElo "2669"]
[BlackElo "2510"]
[Result "0-1"]
[Round "04"]
[TimeControl "180+2"]
[Date "2023.04.18"]
[WhiteClock "0:00:16"]
[BlackClock "0:00:10"]

1. d4 Nf6 2. c4 e6 3. Nc3 Bb4 4. f3 c5 5. a3 Bxc3+ 6. bxc3 Nc6 7. e4 d6 8. Be3 b6 9. Bd3 Na5 10. Nh3 Ba6 11. Qe2 Qc7 12. Rc1 Rc8 13. d5 O-O 14. Bg5 Nd7 15. O-O Ne5 16. f4 Nxd3 17. Qxd3 Bxc4 18. Qg3 f6 19. Bh4 Bxf1 20. Rxf1 exd5 21. exd5 Qf7 22. Qd3 c4 23. Qf5 Rfe8 24. Rd1 Nb3 25. Bf2 Nc5 26. Bd4 Qg6 27. Qxg6 hxg6 28. f5 gxf5 29. Nf4 Re4 30. g3 Kf7 31. Kf2 g5 32. Bxc5 Rxc5 33. Ne6 Ra5 34. Nc7 Ke7 35. Rd2 Rxa3 36. Nb5 Rb3 37. Nxa7 Rxc3 38. Nc6+ Kd7 39. Ra2 b5 40. Ra7+ Kc8 41. Rf7 Rc2+ 42. Kf1 c3 43. Na7+ Kd8 44. Nc6+ Ke8 45. Rxf6 Ra4 46. Re6+ Kf8 47. Rf6+ Kg7 0-1


[Site "https://www.chess.com"]

[Event "Titled Tuesday Blitz April 18 Early 2023"]
[White "Poliakova, Varvara"]
[Black "Drygalov, Andrey"]
[WhiteFideId "13518313"]
[BlackFideId "24171735"]
[WhiteElo "2075"]
[BlackElo "2466"]
[Result "0-1"]
[Round "04"]
[TimeControl "180+2"]
[Date "2023.04.18"]
[WhiteClock "0:00:13"]
[BlackClock "0:00:06"]

1. e4 c5 2. Nf3 d6 3. d4 cxd4 4. Nxd4 Nf6 5. Nc3 a6 6. h3 e5 7. Nde2 h5 8. g3 Be7 9. Bg2 b5 10. Be3 Be6 11. O-O Nbd7 12. Nd5 Nxd5 13. exd5 Bf5 14. c3 O-O 15. Kh2 Bg5 16. Qd2 Bxe3 17. fxe3 Bg6 18. e4 Nc5 19. Qe3 a5 20. Rf2 b4 21. c4 a4 22. Raf1 Qb6 23. Ng1 Rab8 24. Re1 Nd3 25. Qxd3 Qxf2 26. Re2 Qd4 27. Qxd4 exd4 28. Nf3 d3 29. Rd2 Bxe4 30. Nd4 Rfe8 31. Bxe4 Rxe4 32. Rxd3 Rc8 33. b3 axb3 34. axb3 Ra8 35. Kg2 Re1 36. Kf2 Rb1 37. Ke3 g6 38. h4 Kf8 39. Kf4 Rf1+ 40. Nf3 Re8 41. c5 dxc5 42. d6 Rd8 43. Ke5 Rf2 44. Kd5 Rc2 45. Ne5 Rc3 46. Rd2 Rxb3 47. Nc6 Rd7 48. Ne5 Ra7 49. d7 Rxd7+ 50. Nxd7+ Kg7 51. Nxc5 Rxg3 52. Rd4 Rg4 53. Nd3 b3 54. Kc4 Kh6 55. Kc3 f5 56. Rd8 Rxh4 57. Kxb3 Re4 58. Kc3 h4 59. Kd2 Kg5 60. Nf2 Re7 61. Rd6 Kh5 62. Nd3 g5 63. Rd5 Kg4 64. Nf2+ Kf4 65. Nh3+ Ke4 66. Rd8 g4 67. Ng1 Kf4 68. Rd4+ Kg5 69. Rd8 h3 70. Rh8 Kf4 71. Kd3 Kg3 72. Ne2+ Kf2 73. Nf4 Kf3 74. Nxh3 gxh3 75. Rxh3+ Kg4 76. Rh8 f4 77. Rg8+ Kf3 78. Kd2 Kf2 79. Rf8 f3 80. Rf7 Rxf7 0-1


[Site "https://www.chess.com"]

[Event "Titled Tuesday Blitz April 18 Early 2023"]
[White "Janaszak, Dawid"]
[Black "Bharath Subramaniyam H"]
[WhiteFideId "1119206"]
[BlackFideId "46634827"]
[WhiteElo "2220"]
[BlackElo "2395"]
[Result "1-0"]
[Round "04"]
[TimeControl "180+2"]
[Date "2023.04.18"]
[WhiteClock "0:02:41"]
[BlackClock "0:01:38"]

1. e4 c5 2. Nc3 d6 3. f4 g6 4. Nf3 Bg7 5. Bc4 Nc6 6. O-O e6 7. d4 cxd4 8. Nb5 Nge7 9. Bb3 O-O 10. Nbxd4 a6 11. c3 b5 12. Kh1 Bb7 13. f5 exf5 14. exf5 Nxd4 15. Nxd4 Bxd4 16. Qxd4 Nxf5 17. Rxf5 gxf5 18. Bh6 1-0


[Site "https://www.chess.com"]

[Event "Titled Tuesday Blitz April 18 Early 2023"]
[White "Munoz, Francisco Javier"]
[Black "Aydincelebi, Kagan"]
[WhiteFideId "128368"]
[BlackFideId "6361102"]
[WhiteElo "2383"]
[BlackElo "2180"]
[Result "0-1"]
[Round "04"]
[TimeControl "180+2"]
[Date "2023.04.18"]
[WhiteClock "0:00:03"]
[BlackClock "0:00:10"]

1. e4 c5 2. Nf3 d6 3. c3 Nf6 4. Bb5+ Bd7 5. Bxd7+ Nbxd7 6. Qe2 e6 7. O-O Be7 8. d4 O-O 9. Rd1 cxd4 10. cxd4 d5 11. e5 Ne4 12. Nbd2 Nxd2 13. Bxd2 Rc8 14. Rac1 Qb6 15. Rxc8 Rxc8 16. Bc3 a6 17. h4 Qb5 18. Qxb5 axb5 19. Rc1 Nb6 20. Bd2 Rxc1+ 21. Bxc1 Kf8 22. Kf1 Ke8 23. Ke2 Kd7 24. h5 h6 25. g4 Nc4 26. b3 Na5 27. Ne1 Nc6 28. Nc2 f6 29. exf6 Bxf6 30. Be3 Kd6 31. f4 Bd8 32. g5 Ne7 33. Ne1 Nf5 34. Nf3 Ng3+ 35. Kd3 Nxh5 36. gxh6 gxh6 37. Ne5 Ke7 38. Ng4 Kf7 39. Nxh6+ Kg6 40. Ng4 Kf5 41. Nh6+ Kg6 42. Ng4 Bc7 43. Ne5+ Bxe5 44. fxe5 Kf5 45. Kc3 Ke4 46. Bg1 Nf4 47. Kb4 Ne2 48. Bf2 Nxd4 49. Kc5 Nc6 50. Kxb5 d4 51. Kb6 d3 52. Be1 Nxe5 53. Kxb7 Nf3 54. Bc3 d2 55. Bxd2 Nxd2 56. b4 Kd5 57. b5 e5 58. Kc7 Nc4 59. a4 e4 60. b6 Nxb6 61. Kxb6 e3 62. a5 e2 63. a6 e1=Q 64. a7 Qe8 65. Kb7 Qb5+ 66. Kc8 Qa6+ 67. Kb8 Qb6+ 68. Ka8 Qd8+ 69. Kb7 Qe7+ 70. Kb8 Qd8+ 71. Kb7 Qd7+ 72. Kb8 Kc6 73. a8=Q+ Kb6 74. Qc6+ Kxc6 75. Ka8 Qb7# 0-1


[Site "https://www.chess.com"]

[Event "Titled Tuesday Blitz April 18 Early 2023"]
[White "Maung, Maung Kyaw Zaw Hein"]
[Black "Bacallao Alonso, Yusnel"]
[WhiteFideId "13001698"]
[BlackFideId "3507416"]
[WhiteElo "2019"]
[BlackElo "2561"]
[Result "0-1"]
[Round "04"]
[TimeControl "180+2"]
[Date "2023.04.18"]
[WhiteClock "0:00:08"]
[BlackClock "0:00:38"]

1. Nf3 d5 2. d4 e6 3. c4 a6 4. c5 b6 5. cxb6 c5 6. e3 Qxb6 7. dxc5 Bxc5 8. Nc3 Nf6 9. Na4 Bb4+ 10. Bd2 Qa5 11. Bd3 Bxd2+ 12. Nxd2 Bd7 13. Nc3 Nc6 14. a3 O-O 15. O-O Rfc8 16. b4 Qd8 17. Na4 Ne5 18. Be2 a5 19. Nc5 axb4 20. axb4 Rab8 21. Rb1 Be8 22. Ba6 Rc6 23. Qc2 Ned7 24. Bd3 Qc7 25. Rfc1 e5 26. Bf5 g6 27. Bxd7 Nxd7 28. h3 Qd6 29. Qa4 Nxc5 30. bxc5 Rxc5 0-1


[Site "https://www.chess.com"]

[Event "Titled Tuesday Blitz April 18 Early 2023"]
[White "Bluebaum, Matthias"]
[Black "Malek, Jan"]
[WhiteFideId "24651516"]
[BlackFideId "21864080"]
[WhiteElo "2638"]
[BlackElo "2255"]
[Result "1-0"]
[Round "04"]
[TimeControl "180+2"]
[Date "2023.04.18"]
[WhiteClock "0:00:27"]
[BlackClock "0:00:02"]

1. d4 d5 2. c4 e6 3. Nc3 Bb4 4. e3 Ne7 5. Nf3 O-O 6. Bd2 c5 7. a3 Bxc3 8. Bxc3 cxd4 9. Nxd4 Nbc6 10. cxd5 Qxd5 11. Nb5 Rd8 12. Qc2 Qd7 13. Be2 a6 14. Rd1 Nd5 15. e4 axb5 16. exd5 exd5 17. O-O d4 18. Bxb5 Qf5 19. Bd3 Qh5 20. Bd2 Be6 21. Rfe1 Rac8 22. Qa4 Ne5 23. Be4 b5 24. Qb4 Nc4 25. Bf4 Bf5 26. Qxb5 Bg6 27. Qxh5 Bxh5 28. Rb1 d3 29. f3 Bg6 30. Bxg6 hxg6 31. Red1 d2 32. b3 Rd4 33. bxc4 Rxf4 34. Rxd2 Rfxc4 35. Ra2 Ra4 36. Rb3 Rca8 37. Kf2 f6 38. Kg3 g5 39. h3 Kf7 40. Rd2 Kg6 41. Re2 Rxa3 42. Rb7 R8a7 43. Rb8 Ra8 44. Rb1 Ra1 45. Rbb2 R1a3 46. Kh2 R8a7 47. Red2 Rc7 48. Rb5 Rac3 49. Rbd5 Rc2 50. Kg3 Rxd2 51. Rxd2 Rc5 52. h4 gxh4+ 53. Kxh4 Rc4+ 54. g4 Rc5 55. Rd4 Kh6 56. Rd6 g5+ 57. Kg3 Kg6 58. Ra6 Rc3 59. Kf2 Rb3 60. Rd6 Rb2+ 61. Ke3 Rb3+ 62. Ke4 Rb4+ 63. Rd4 Rb1 64. Rd3 Re1+ 65. Kd4 Re7 66. Rc3 Rd7+ 67. Ke4 Re7+ 68. Kd5 Re5+ 69. Kd6 Re1 70. Rd3 Re5 71. Kd7 Re1 72. Rc3 Re2 73. Rb3 Rd2+ 74. Ke7 Re2+ 75. Kf8 Re6 76. Rb7 f5 77. Rg7+ Kf6 78. Rf7+ Ke5 79. Rxf5+ Kd4 80. Kf7 Re3 81. Kg6 1-0


[Site "https://www.chess.com"]

[Event "Titled Tuesday Blitz April 18 Early 2023"]
[White "Vaibhav Jayant Raut"]
[Black "Sarana, Alexey"]
[WhiteFideId "5089034"]
[BlackFideId "24133795"]
[WhiteElo "2156"]
[BlackElo "2714"]
[Result "0-1"]
[Round "04"]
[TimeControl "180+2"]
[Date "2023.04.18"]
[WhiteClock "0:01:58"]
[BlackClock "0:02:02"]

1. Nf3 d5 2. g3 g6 3. Bg2 Bg7 4. d4 c6 5. O-O Nf6 6. Bf4 O-O 7. Nbd2 Nbd7 8. Ne5 Nh5 9. Nxd7 Bxd7 10. Be5 f6 11. Bf4 Nxf4 12. gxf4 Qc7 13. e3 e5 14. fxe5 fxe5 15. dxe5 Bxe5 16. h3 Bxb2 17. Rb1 Bg7 18. c4 d4 19. exd4 Bxd4 20. c5 Bf5 21. Qb3+ Rf7 22. Rbc1 Re8 23. Nf3 Bf6 24. Rfe1 Rxe1+ 25. Rxe1 Kg7 26. Re8 Qf4 27. h4 Bxh4 28. Nxh4 Qxh4 29. Qb2+ Qf6 30. Qd2 Rd7 31. Qe2 a5 32. Rb8 Re7 33. Qd2 Qa1+ 34. Kh2 Qe5+ 35. Kg1 Qxb8 0-1


[Site "https://www.chess.com"]

[Event "Titled Tuesday Blitz April 18 Early 2023"]
[White "Hakobyan, Aram"]
[Black "Berezin, Viktor"]
[WhiteFideId "13306677"]
[BlackFideId "14107872"]
[WhiteElo "2584"]
[BlackElo "2310"]
[Result "1-0"]
[Round "04"]
[TimeControl "180+2"]
[Date "2023.04.18"]
[WhiteClock "0:00:49"]
[BlackClock "0:01:21"]

1. d4 Nf6 2. c4 g6 3. Nc3 Bg7 4. Nf3 O-O 5. Bg5 d6 6. e3 c5 7. Be2 cxd4 8. exd4 Bf5 9. Bd3 Bxd3 10. Qxd3 Nc6 11. O-O Qa5 12. Rfe1 Rfe8 13. d5 Nb4 14. Qd2 Rac8 15. b3 h6 16. Bxh6 Bxh6 17. Qxh6 Nc2 18. Ne4 Nxa1 19. Neg5 Nc2 20. Nxf7 Qc3 21. Qh8+ Kxf7 22. Ng5# 1-0


[Site "https://www.chess.com"]

[Event "Titled Tuesday Blitz April 18 Early 2023"]
[White "Kucuksari, Kaan"]
[Black "Svane, Rasmus"]
[WhiteFideId "6380166"]
[BlackFideId "4657101"]
[WhiteElo "2364"]
[BlackElo "2597"]
[Result "1-0"]
[Round "04"]
[TimeControl "180+2"]
[Date "2023.04.18"]
[WhiteClock "0:00:58"]
[BlackClock "0:00:02"]

1. d4 Nf6 2. c4 e6 3. g3 d5 4. Nf3 dxc4 5. Bg2 Bb4+ 6. Bd2 a5 7. Qc2 b6 8. Qxc4 Ba6 9. Qc2 c5 10. Nc3 cxd4 11. Nxd4 Ra7 12. Nc6 Nxc6 13. Bxc6+ Ke7 14. O-O Rc7 15. Bf3 Qc8 16. Bf4 Rc4 17. Rfd1 Rd8 18. Rxd8 Qxd8 19. Rd1 Qc8 20. a3 Bxc3 21. bxc3 Kf8 22. Rd6 Rxc3 23. Qd2 Ke7 24. Rxb6 Ne8 25. Rb8 Qc5 26. Qd8+ 1-0


[Site "https://www.chess.com"]